[Event "Late-Titled-Tuesday-Blitz-February-13-2024"]
[Site "Chess.com"]
[Date "2024.02.13"]
[Round "8"]
[White "hristos03"]
[Black "fmcabralis"]
[Result "0-1"]
[WhiteElo "2347"]
[BlackElo "2253"]
[TimeControl "180+1"]
[EndTime "15:28:52 PST"]
[Termination "fmcabralis won by resignation"]

1. e4 c5 2. Nf3 Nc6 3. d4 cxd4 4. Nxd4 Nf6 5. Nc3 e5 6. Ndb5 d6 7. Nd5 Nxd5 8. exd5 Ne7 9. c4 Nf5 10. Bd3 g6 11. O-O Bg7 12. f4 O-O 13. fxe5 dxe5 14. a4 a6 15. Nc3 Bd7 16. Bxf5 Bxf5 17. Be3 Rc8 18. b3 Qd6 19. Rc1 Qb4 20. Kh1 h5 21. c5 Rxc5 22. Bxc5 Qxc5 23. Ne4 Qb6 24. Nd2 Rd8 25. Nc4 Qb4 26. Qf3 e4 27. Qd1 Bg4 28. Qc2 Rxd5 29. Qxe4 Be6 30. Qf3 Rf5 31. Qe2 Rxf1+ 32.
Rxf1 Qxb3 33. Ne3 Qxa4 34. h3 b5 35. Rd1 Kh7 36. Qd2 Qf4 37. Nc2 Qxd2 38. Rxd2 a5 39.
Ne3 Bh6 40. Re2 Bxe3 41. Rxe3 a4 42. Re5 Bc4 43. Re7 Kg7 44. Ra7 Kf6 45. Kg1 Ke5 46. Kf2 Kd4 47. Ke1 Kc3 48. Kd1 Kb2 49. Kd2 a3 0-1

[Event "Late-Titled-Tuesday-Blitz-February-13-2024"]
[Site "Chess.com"]
[Date "2024.02.13"]
[Round "8"]
[White "DonkyDonkyDonkey"]
[Black "baki83"]
[Result "0-1"]
[WhiteElo "2950"]
[BlackElo "2878"]
[TimeControl "180+1"]
[EndTime "15:28:54 PST"]
[Termination "baki83 won by checkmate"]

1. d4 d5 2. Nc3 Bf5 3. Bf4 e6 4. e3 Nf6 5. Bd3 Bd6 6. Nge2 O-O 7. O-O Bxd3 8. cxd3 c5 9. dxc5 Bxc5 10. d4 Be7 11.
Qb3 Qd7 12. Rac1 Nc6 13. Bg3 Rfc8 14. Nf4 Na5 15. Qd1 Bb4 16. Nd3 Bxc3 17. bxc3 Nc4 18. Qe2 b6 19. f3 Qb7 20. Bh4 Nd7 21. e4 Qa6 22. Nf4 Qb7 23. Rfe1 Nf8 24. Qd3 Ng6 25. Nxg6 hxg6 26. Bg3 b5 27. h4 a5 28. Rb1 Qc6 29.
exd5 Qxd5 30. Qe4 Qd7 31. Rbd1 Nb2 32. Rd2 Na4 33. Re3 Ra6 34. Rdd3 Nb2 35. d5 Nxd3 36.
Rxd3 exd5 37. Rxd5 Qe6 38. Qd3 b4 39. c4 Rac6 40. h5 Rxc4 41. Re5 Qb6+ 42. Kh2 R4c5 43. Qd7 Qc6 44. Qg4 gxh5 45. Qg5 Rxe5 46. Qxe5 h4 47. Bxh4 Qc7 48. Qxc7 Rxc7 49. Bd8 Rc5 50. Kg3 Rb5 51. Bc7 a4 52. Kf2 b3 53. axb3 axb3 54. Be5 b2 55. Bxb2 Rxb2+ 56. Kg3 g6 57. Kh4 Kg7 58. g4 f6 59. g5 fxg5+ 60. Kg4 Rb3 61. Kh3 Kf6 62.
Kg3 Kf5 63. Kh3 Rxf3+ 64. Kh2 g4 65. Kg2 Kf4 66. Kh2 g3+ 67. Kg2 Rf2+ 68. Kh3 Rh2# 0-1

[Event "Late-Titled-Tuesday-Blitz-February-13-2024"]
[Site "Chess.com"]
[Date "2024.02.13"]
[Round "8"]
[White "martinmena"]
[Black "dolynachess"]
[Result "0-1"]
[WhiteElo "2169"]
[BlackElo "2481"]
[TimeControl "180+1"]
[EndTime "15:28:55 PST"]
[Termination "dolynachess won on time"]

1. c4 Nf6 2. g3 c5 3. Bg2 g6 4. Nc3 Bg7 5. e4 O-O 6. Nge2 Nc6 7. O-O Ne8 8. d3 Nc7 9. Be3 Ne6 10. f4 Rb8 11. f5 Ned4 12. Qd2 d6 13. Bh6 b5 14. Bxg7 Kxg7 15. Nxd4 Nxd4 16. cxb5 a6 17. bxa6 Bxa6 18.
Nd5 f6 19. b3 g5 20. h4 h6 21. Kf2 Rh8 22. Rh1 Qd7 23. hxg5 hxg5 24. Rag1 Kf7 25. Qd1 Qb5 26. Rxh8 Rxh8 27. Rh1 Rxh1 28. Qxh1 Qb7 29. Qh7+ Ke8 30. Nxf6+ exf6 31. Qg8+ Kd7 32. Qf7+ Kc8 33.
Qe8+ Kc7 34. e5 Qc8 35. exd6+ Kxd6 36. Qxc8 Bxc8 37. g4 Ke5 38. Ke3 Ba6 39. Be4 Nc2+ 40. Kf3 Kd4 41. Ke2 Nb4 42. a3 Nc2 43. a4 Nb4 44.
Kf3 Nxd3 45. Bc6 Ne5+ 46. Kf2 Nxc6 0-1

[Event "Late-Titled-Tuesday-Blitz-February-13-2024"]
[Site "Chess.com"]
[Date "2024.02.13"]
[Round "8"]
[White "Teidi96"]
[Black "szefru"]
[Result "1-0"]
[WhiteElo "2285"]
[BlackElo "2250"]
[TimeControl "180+1"]
[EndTime "15:28:56 PST"]
[Termination "Teidi96 won by resignation"]

1. e4 Nf6 2. e5 Nd5 3. c4 Nb6 4. d4 d6 5. exd6 exd6 6. Nc3 Be7 7. Be3 O-O 8. Bd3 Nc6 9. Nge2 Bf6 10. O-O Bg4 11.
f3 Re8 12. Bf2 Bh5 13. b3 d5 14.
c5 Nc8 15. Nf4 Bg6 16. Bxg6 hxg6 17. Nfxd5 N8e7 18. Nxf6+ gxf6 19. d5 Ne5 20. Qd2 Nf5 21. Rad1 Kg7 22. Bg3 Rh8 23. Rfe1 Nxg3 24. hxg3 Qg8 25.
Ne4 Re8 26. Nxf6 Kxf6 27. Qf4+ Kg7 28. Rxe5 Qh7 29. Kf2 Rd8 30. Re7 Rhf8 31. d6 cxd6 32. cxd6 Qh5 33. Qe5+ Qxe5 34. Rxe5 Kf6 35. Re7 Rxd6 36.
Rxf7+ Rxf7 37. Rxd6+ Kf5 38. Rd4 Rc7 39. Rc4 Rd7 40. g4+ Ke5 41. Re4+ Kf6 42. Ke3 b5 43. f4 Rc7 44. Rd4 Rc2 45. Rd6+ Kf7 46. Ra6 Rxg2 47. Rxa7+ Ke6 48. Ra6+ Kf7 49. Kf3 Rc2 50.
g5 b4 51. Ra4 Rd2 52. Ke3 Rc2 53. Kd3 Rf2 54. Ke4 Ke6 55. Ra6+ Kf7 56. Rb6 Re2+ 57. Kf3 Rxa2 58. Rxb4 Rc2 59. Rb6 Rc3+ 60. Ke4 Rc1 61. Kd4 Re1 62. Rf6+ Kg7 63. b4 Rb1 64. Kc5 Rc1+ 65.
Kb6 1-0

[Event "Late-Titled-Tuesday-Blitz-February-13-2024"]
[Site "Chess.com"]
[Date "2024.02.13"]
[Round "8"]
[White "karinachess1"]
[Black "cthulhuuu"]
[Result "0-1"]
[WhiteElo "2665"]
[BlackElo "2490"]
[TimeControl "180+1"]
[EndTime "15:28:58 PST"]
[Termination "cthulhuuu won by checkmate"]

1. d4 Nf6 2. c4 e5 3. dxe5 Ng4 4.
Bf4 Nc6 5. Nf3 Bb4+ 6. Nbd2 Qe7 7. a3 Ncxe5 8. Nxe5 Nxe5 9. e3 Bc5 10. Be2 d6 11. O-O a5 12. Ne4 Ba7 13. Nc3 c6 14. Qd2 O-O 15.
Rfd1 Be6 16. Qxd6 Qxd6 17. Rxd6 Ng6 18. Bg3 Bb8 19. Rd4 Ne5 20. c5 f6 21. Rad1 a4 22. Rd8 Ba7 23. Rxa8 Rxa8 24. Ne4 Bd5 25. Nd6 Bxc5 26.
Nxb7 Be7 27. f3 Ra7 28. Bxe5 fxe5 29. e4 Rxb7 30. exd5 cxd5 31. Rxd5 Rxb2 32. Bc4 Kf8 33. Rxe5 Bxa3 34. Ra5 Rb4 35. Bb5 Rb1+ 36. Kf2 Bc5+ 37. Kg3 a3 38. Bc4 Bd6+ 39. Kh3 Rb4 40. Ra8+ Ke7 41.
Ra7+ Kf6 42. Bd5 Ke5 43. Bf7 Rb2 44. g3 g5 45. Kg4 Kf6 46. Bd5 Rxh2 47. Ra6 h5# 0-1

[Event "Late-Titled-Tuesday-Blitz-February-13-2024"]
[Site "Chess.com"]
[Date "2024.02.13"]
[Round "8"]
[White "Witik"]
[Black "ckgchess"]
[Result "0-1"]
[WhiteElo "2670"]
[BlackElo "2873"]
[TimeControl "180+1"]
[EndTime "15:28:59 PST"]
[Termination "ckgchess won by resignation"]

1. d4 Nf6 2. c4 g6 3. g3 Bg7 4. Bg2 O-O 5. Nc3 d6 6. Nf3 Nbd7 7. O-O e5 8. e4 Re8 9. Re1 a6 10. d5 a5 11. Bg5 h6 12. Be3 Rf8 13. Nd2 h5 14. Bg5 Nc5 15. Nb3 b6 16. Qd2 Qe8 17. Nb5 Qd7 18. Nxc5 bxc5 19. a4 Nh7 20. Bh6 Bxh6 21.
Qxh6 Ba6 22. f4 exf4 23. gxf4 Rae8 24. h3 Re7 25. Re3 Rfe8 26. Rg3 Kh8 27. f5 Rg8 28. Rf1 Bxb5 29. axb5 Qe8 30. h4 Qf8 31. Qd2 Qd8 32. Qxa5 Re5 33. Qc3 Qxh4 34. Rh3 Qg5 35. Rg3 Qh6 36. b4 cxb4 37. Qxb4 h4 38. Rh3 gxf5 39. Qc3 fxe4 40. Kh1 Rg3 41. Qe1 Rxh3+ 42. Bxh3 Ng5 43. Qe3 Qh5 44. Rg1 Qf3+ 45. Qxf3 exf3 46. Bg4 f6 47. Rf1 Re4 48. Bh5 Rxc4 49. Bxf3 Rf4 50. Bg2 Rxf1+ 51. Bxf1 Kg7 52. Kh2 f5 53. Bd3 Kf6 0-1

[Event "Late-Titled-Tuesday-Blitz-February-13-2024"]
[Site "Chess.com"]
[Date "2024.02.13"]
[Round "8"]
[White "KaydenTroffChess"]
[Black "combidharma"]
[Result "0-1"]
[WhiteElo "2821"]
[BlackElo "2716"]
[TimeControl "180+1"]
[EndTime "15:28:59 PST"]
[Termination "combidharma won by resignation"]

1. d4 Nf6 2. Nf3 c5 3. dxc5 e6 4. Be3 Na6 5. g3 Bxc5 6. Bxc5 Nxc5 7. Bg2 Qb6 8. b3 Nce4 9. O-O O-O 10. c4 d5 11.
Nbd2 Rd8 12. cxd5 exd5 13. e3 Bg4 14. h3 Nc3 15. Qe1 Bf5 16. Nd4 Bd3 17. N2f3 Rac8 18.
g4 Nfe4 19. Nf5 Qf6 20. N3d4 g6 21. Nh6+ Kg7 22. f4 Bxf1 23. Bxf1 Kxh6 24. g5+ Nxg5 25. Qh4+ Kg7 26. fxg5 Qe5 27. Re1 Ne4 28. Nf3 Qg3+ 29. Qxg3 Nxg3 30. Bd3 Rc3 31. Bb1 Re8 32. Kf2 Ne4+ 33.
Bxe4 Rxe4 34. h4 Rc2+ 35. Kg3 Rxa2 36. h5 gxh5 37. Nd4 Kg6 38. Kf3 h4 39. Rc1 h3 40. Rc8 h2 41. Rc1 Rh4 42. Rh1 Kxg5 43. Kg3 Rxd4 44. exd4 f5 45. Kh3 h5 46. b4 f4 47. b5 f3 48. Kg3 f2 49. Kf3 h4 50.
Ke3 Kg4 51. b6 axb6 52. Rxh2 f1=N+ 53. Kd3 Rxh2 54. Kc3 Re2 55. Kb4 Re4 56. Kb5 Rxd4 57. Kxb6 Rc4 58. Kb5 h3 59. Kb6 h2 0-1

[Event "Late-Titled-Tuesday-Blitz-February-13-2024"]
[Site "Chess.com"]
[Date "2024.02.13"]
[Round "8"]
[White "riconaipe"]
[Black "korkmaz16"]
[Result "0-1"]
[WhiteElo "2584"]
[BlackElo "2451"]
[TimeControl "180+1"]
[EndTime "15:29:04 PST"]
[Termination "korkmaz16 won on time"]

1. e4 e5 2. Nf3 Nc6 3. Bb5 a6 4. Ba4 Nf6 5. O-O Nxe4 6. Re1 Nc5 7. Bxc6 dxc6 8. d4 Ne6 9. Nxe5 Be7 10. c3 O-O 11. Be3 Bg5 12. Nd2 Bxe3 13. Rxe3 f6 14.
Nd3 Qd5 15. Nb4 Qf5 16. Qf3 Nf4 17. g3 Nh3+ 18. Kg2 Qg6 19. Ne4 Bg4 20. Rae1 Bxf3+ 21. Rxf3 f5 22. Nc5 Rae8 23. Rxe8 Rxe8 24. Nbd3 Re2 25.
Kxh3 b6 26. Nd7 Qe6 27. N7e5 g5 28. Kg2 Qd5 29. h3 Qe4 30. g4 h5 31. Kg3 h4+ 32. Kg2 f4 33. Nb4 c5 34. Nbc6 Rd2 35. Ne7+ Kg7 36.
Nf5+ Kf6 37. Nd7+ Ke6 38. Ne5 cxd4 39. cxd4 Rxd4 40. Nxd4+ Qxd4 41. Nd3 Qe4 42. b3 c5 43. Nb2 b5 44. Nd1 b4 45. Nb2 a5 46. Nc4 Kd5 47.
Nxa5 Qc2 48. Nc4 Qxa2 49. Nb6+ Kc6 50. Nc4 Qc2 51. Ne5+ Kd5 52. Nd3 Kd4 53. Ne1 Qe4 54. Kf1 c4 55. bxc4 Kxc4 0-1

[Event "Late-Titled-Tuesday-Blitz-February-13-2024"]
[Site "Chess.com"]
[Date "2024.02.13"]
[Round "8"]
[White "nj123456"]
[Black "mbojan"]
[Result "0-1"]
[WhiteElo "2448"]
[BlackElo "2857"]
[TimeControl "180+1"]
[EndTime "15:29:05 PST"]
[Termination "mbojan won by checkmate"]

1. e4 g6 2. d4 Nf6 3. Nc3 d5 4.
e5 Ne4 5. Bd3 Nxc3 6. bxc3 c5 7.
Nf3 Qa5 8. Bd2 c4 9. Be2 Qa4 10. O-O Nc6 11. Ne1 h5 12. f4 Bf5 13. Bf3 e6 14. g3 Ba3 15. Bc1 Be7 16. Kg2 O-O-O 17. h3 Qa5 18. Bd2 Ba3 19. Rb1 Rh7 20. Qe2 Rdh8 21. Kh2 Qa4 22. Be3 a6 23. Bc1 Na7 24. Bxa3 Qxa3 25. Ng2 Nb5 26. Qe1 Nxc3 27. Ra1 Nb5 28. Ne3 Qc3 29. Qxc3 Nxc3 30. Kg2 Kc7 31. Kg1 Be4 32. Bxe4 Nxe4 33. Kg2 Nc3 34. Kf3 b5 35. a4 b4 36. a5 Kc6 37. Nd1 Nxd1 38. Rfxd1 Rb8 39.
Rdb1 Kb5 40. Rxb4+ Kxb4 41. Rb1+ Kc3 42. Rxb8 Kxc2 43.
Ke2 Kc3 44. Rb6 Kxd4 45. Rxa6 Rh8 46. Ra7 Rb8 47. Kd2 Rb2+ 48. Kc1 Kc3 49. a6 d4 50. Rb7 Ra2 51. a7 d3 52. Kb1 Ra6 53.
Kc1 d2+ 54. Kb1 d1=Q# 0-1

[Event "Late-Titled-Tuesday-Blitz-February-13-2024"]
[Site "Chess.com"]
[Date "2024.02.13"]
[Round "8"]
[White "Heinza9"]
[Black "BeardedNM"]
[Result "1-0"]
[WhiteElo "2294"]
[BlackElo "2147"]
[TimeControl "180+1"]
[EndTime "15:29:10 PST"]
[Termination "Heinza9 won on time"]

1. e4 e6 2. c4 d5 3. cxd5 exd5 4. exd5 Nf6 5. Bb5+ Nbd7 6. Nc3 a6 7. Bc4 Nb6 8.
Bb3 Nfxd5 9. Nge2 Be7 10. O-O O-O 11. d4 Bf6 12. h3 Be6 13. Ng3 Re8 14. Nge4 Nxc3 15.
Nxf6+ Qxf6 16. bxc3 c5 17. Be3 c4 18. Bc2 Nd5 19. Qd2 Bf5 20. Bg5 Qg6 21. Bxf5 Qxf5 22. Rae1 b5 23. Bh4 Nf4 24. Bg3 Nd3 25. Re3 h5 26. h4 Re6 27. Rxe6 Qxe6 28. Qg5 g6 29. f4 Qg4 30. Qxg4 hxg4 31. f5 Re8 32. fxg6 fxg6 33. Rf6 Kg7 34. Rxa6 Re2 35. d5 Rd2 36. d6 Nc5 37.
Ra7+ Kf6 38. Bf2 Ne4 39. Bd4+ Rxd4 40. cxd4 Nxd6 41. Ra6 Ke6 42. Kf2 Kd5 43. Ke3 b4 44.
Ra5+ Ke6 45. d5+ Ke5 46. g3 b3 47. axb3 cxb3 48. Kd3 Nf5 49. Kc3 Nxg3 50. Kxb3 Nf5 51. Kc4 g3 52. Ra2 g2 53. Re2+ Kf4 54. Re1 Ne3+ 55.
Kd4 Nf1 56. Re4+ Kf5 57. Re5+ Kf4 58. Rg5 Kf3 59. d6 Ng3 60. d7 g1=Q+ 61. Ke5 Qe1+ 62.
Kd6 Qd2+ 63. Kc7 Ne4 64. Rxg6 Qc3+ 65. Kd8 Qh8+ 66. Kc7 Qc3+ 67. Rc6 Qe5+ 68. Kc8 1-0

[Event "Late-Titled-Tuesday-Blitz-February-13-2024"]
[Site "Chess.com"]
[Date "2024.02.13"]
[Round "8"]
[White "Supelyel"]
[Black "WilsonPalencia21"]
[Result "1-0"]
[WhiteElo "2448"]
[BlackElo "2528"]
[TimeControl "180+1"]
[EndTime "15:29:11 PST"]
[Termination "Supelyel won on time"]

1. c4 c5 2. g3 g6 3. Bg2 Bg7 4. Nc3 Nc6 5. Nf3 Nf6 6. O-O O-O 7. d3 d5 8. Bg5 d4 9. Bxf6 exf6 10. Na4 Qe7 11. Re1 Bg4 12. h3 Be6 13. a3 Rad8 14. Qd2 a6 15. Rac1 h5 16. b3 Kh7 17. Qb2 Bh6 18. Rc2 g5 19. Rb1 a5 20. Nb6 Rg8 21. Nd2 Ne5 22. Nd5 Bxd5 23. cxd5 f5 24. b4 cxb4 25.
axb4 f4 26. Qxd4 axb4 27. Ne4 f5 28. d6 Qe6 29. Rc7+ Kg6 30. Rxb4 f3 31. exf3 fxe4 32.
fxe4 g4 33. Rbxb7 Rxd6 34. Qb2 Rxd3 35. Qb1 Rgd8 36. Rc1 R8d6 37. Rb8 Qd7 38. Bf1 Rd1 39. Rxd1 Rxd1 40. Qb3 Nf3+ 41. Kg2 Rxf1 42. Rb6+ Kh7 43.
Rb7 Rd1 44. Rxd7+ Rxd7 45. hxg4 hxg4 46. Qe6 Rg7 47. Qf5+ Kg8 48. e5 Ne1+ 49. Kf1 Nf3 50. Qe6+ Kh7 51. Qf5+ Rg6 52. e6 Bg5 53. Qf7+ Kh6 54.
Qf5 Nd4 55. Qf8+ Kh7 56. e7 Bxe7 57. Qxe7+ Kh6 58. Qe3+ Kh5 59. Qxd4 Rg5 60. Qh8+ 1-0

[Event "Late-Titled-Tuesday-Blitz-February-13-2024"]
[Site "Chess.com"]
[Date "2024.02.13"]
[Round "8"]
[White "h4parah5"]
[Black "Grischuk"]
[Result "1/2-1/2"]
[WhiteElo "2977"]
[BlackElo "3096"]
[TimeControl "180+1"]
[EndTime "15:29:12 PST"]
[Termination "Game drawn by repetition"]

1. Nf3 d5 2. e3 Nf6 3. c4 c6 4.
Nc3 e6 5. b3 Bd6 6. Bb2 O-O 7.
Be2 e5 8. cxd5 cxd5 9. Nb5 Nc6 10. Nxd6 Qxd6 11. d4 e4 12. Ne5 a5 13. O-O Nd7 14. a4 Rd8 15. Nxc6 bxc6 16. Ba3 Qe6 17. Rc1 Ba6 18. Rc3 h6 19. h3 Rdb8 20. Re1 Kh7 21. Qc1 Bxe2 22. Rxe2 Ra6 23. Rec2 Rbb6 24. Qf1 Ra8 25.
Qc1 Raa6 26. Kh1 f5 27. Qg1 Qf6 28. Qh2 Rb7 29. Qd6 Qxd6 30. Bxd6 Rab6 31. Rxc6 Rxb3 32. Rc7 Nf6 33. Be5 Kg6 34. Rxb7 Rxb7 35. Rc5 Rb1+ 36. Kh2 Rb2 37. Bxf6 Kxf6 38. Kg3 g5 39. Rxa5 f4+ 40. exf4 gxf4+ 41. Kxf4 Rxf2+ 42. Ke3 Rxg2 43. Rxd5 Rg3+ 44. Kxe4 Rxh3 45. a5 Ra3 46. Rh5 Kg6 47. Rc5 h5 48.
Kf4 h4 49. Kg4 h3 50. Rc6+ Kf7 51. Rh6 Rxa5 52. Rxh3 Ke6 53. Kf4 Kd6 54. Ke4 Ke6 55.
Rh6+ Kd7 56. Rh7+ Kd6 57. Rh6+ Kd7 58. Rh7+ Kd6 59. Rh6+ Kd7 1/2-1/2

[Event "Late-Titled-Tuesday-Blitz-February-13-2024"]
[Site "Chess.com"]
[Date "2024.02.13"]
[Round "8"]
[White "Goryachkina"]
[Black "verrbaa"]
[Result "1-0"]
[WhiteElo "2702"]
[BlackElo "2508"]
[TimeControl "180+1"]
[EndTime "15:29:13 PST"]
[Termination "Goryachkina won on time"]

1. e4 c5 2. Nf3 e6 3. g3 Nc6 4. Bg2 Nf6 5. Nc3 d6 6. d4 cxd4 7. Nxd4 Bd7 8. O-O a6 9. Re1 Be7 10. a4 O-O 11. Nxc6 Bxc6 12. a5 Qc7 13. Be3 Nd7 14.
Qe2 Rac8 15. Bd4 Bf6 16. Bxf6 Nxf6 17. h3 h6 18. Red1 Rfd8 19. Qe3 e5 20. Rd2 Rd7 21.
Ra3 Rcd8 22. Nd5 Bxd5 23. exd5 Re7 24. b4 e4 25. Rc3 Qd7 26. Qb6 Rde8 27. Re3 Re5 28.
c4 h5 29. Qd4 h4 30. g4 Qa4 31. Qc3 Rc8 32. Re1 Nxd5 33. Qd4 Nf6 34. Qxd6 Re6 35.
Qf4 Qxb4 36. Red1 Qxc4 37. g5 Nh5 38. Qxh4 g6 39. Qg4 Ree8 40. Rd7 Qc6 41. R7d6 Qb5 42.
Rd7 Qxa5 43. Rxb7 Qa4 44. Rbd7 Qb5 45. h4 a5 46. R7d5 Qb6 47. Bxe4 a4 48. Rd7 Qb4 49.
Rxf7 Qxe4 50. Qd7 Qf4 51. Rxf4 a3 52. Qd5+ Kh8 53. Ra4 1-0

[Event "Late-Titled-Tuesday-Blitz-February-13-2024"]
[Site "Chess.com"]
[Date "2024.02.13"]
[Round "8"]
[White "Szparu"]
[Black "vi_pranav"]
[Result "1-0"]
[WhiteElo "2795"]
[BlackElo "3019"]
[TimeControl "180+1"]
[EndTime "15:29:14 PST"]
[Termination "Szparu won on time"]

1. e4 e5 2. Nf3 Nc6 3. Bb5 a6 4.
Ba4 d6 5. O-O Bd7 6. c3 g5 7. d4 g4 8. Ne1 h5 9. f4 exd4 10.
cxd4 Bg7 11. d5 Nce7 12. Nc3 Ng6 13. f5 Ne5 14. Bf4 Bxa4 15. Qxa4+ b5 16. Qc2 Kf8 17. Nd3 Nxd3 18. Qxd3 Qf6 19. Rad1 Bh6 20. Kh1 Bxf4 21. Rxf4 Qe5 22. Rff1 Nf6 23. Rde1 h4 24. a3 h3 25. g3 Rb8 26. b4 Kg7 27. Rf4 Rhe8 28. Nd1 Kf8 29. Kg1 Qa1 30. Rff1 Qa2 31. Re2 Qc4 32.
Qxc4 bxc4 33. Rfe1 a5 34. bxa5 Rb3 35. Rc2 Rxa3 36.
Rxc4 Ra1 37. Kf1 Rxa5 38. Nf2 Re7 39. Rec1 Ra2 40. Rxc7 Nxe4 41. Nxe4 Rxe4 42. R1c2 Ra1+ 43. Rc1 Rxc1+ 44. Rxc1 Re5 45. Rc4 Rxf5+ 46. Ke2 Rg5 47. Rf4 Kg7 48. Ke3 Kg6 49. Kd4 f5 50. Rf2 Kf7 51. Ke3 Kf6 52. Kf4 Rg8 53. Re2 1-0

[Event "Late-Titled-Tuesday-Blitz-February-13-2024"]
[Site "Chess.com"]
[Date "2024.02.13"]
[Round "8"]
[White "wanyaland"]
[Black "FredddieCroderg"]
[Result "1-0"]
[WhiteElo "2484"]
[BlackElo "2275"]
[TimeControl "180+1"]
[EndTime "15:29:15 PST"]
[Termination "wanyaland won by resignation"]

1. d4 d5 2. c4 e6 3. Nc3 Nf6 4. Nf3 c6 5. e3 Be7 6. Bd3 O-O 7. O-O dxc4 8. Bxc4 b5 9. Bd3 Bb7 10. e4 Nbd7 11. e5 Nd5 12. Ne4 f5 13. exf6 N7xf6 14. Neg5 Qd6 15. Re1 Bc8 16. Qe2 Nf4 17. Bxf4 Qxf4 18.
Nxe6 Bxe6 19. Qxe6+ Rf7 20. Ne5 Rf8 21. Nxf7 Rxf7 22.
Qxc6 Ng4 23. Qe8+ Rf8 24. Rxe7 Qxh2+ 25. Kf1 Rxe8 26. Rxe8+ Kf7 27. Ree1 Qf4 28. f3 Qxd4 29. fxg4 Qxd3+ 30. Re2 Kg6 31. Kf2 Qd4+ 32. Kf3 Kg5 33. Rae1 Qxg4+ 34. Kf2 Qd4+ 35. Kf1 h5 36. b3 Kh6 37. g3 g6 38. Kg2 a5 39. Re4 Qd3 40.
R1e3 Qd5 41. Kh2 a4 42. bxa4 Qxa2+ 43. Re2 Qb3 44. axb5 Qxb5 45. Re6 Qf5 46. Kg2 Qd5+ 47. Kg1 Kg7 48. Re7+ Kf6 49. R7e3 Qd4 50. Kh2 g5 51. Re8 Kf5 52. Rf8+ Kg4 53. Rfe8 Kf5 54. R8e3 h4 55. Rf3+ Kg4 56. Rfe3 h3 57. Re4+ Qxe4 58. Rxe4+ Kf3 59.
Re1 g4 60. Ra1 Kf2 61. Ra4 Kf3 62. Rf4+ Ke3 63. Rxg4 1-0

[Event "Late-Titled-Tuesday-Blitz-February-13-2024"]
[Site "Chess.com"]
[Date "2024.02.13"]
[Round "8"]
[White "Vamostodorecto"]
[Black "trriinu"]
[Result "1/2-1/2"]
[WhiteElo "2378"]
[BlackElo "2258"]
[TimeControl "180+1"]
[EndTime "15:29:15 PST"]
[Termination "Game drawn by repetition"]

1. d4 d5 2. c4 e5 3. dxe5 d4 4.
Nf3 Nc6 5. g3 Nge7 6. Bg2 Ng6 7.
O-O Ngxe5 8. Qa4 Bd7 9. Rd1 Bc5 10. b4 Nxb4 11. Qb3 Nxf3+ 12. Bxf3 Bf5 13. Na3 c6 14. Bd2 a5 15. e4 Be6 16. Bxb4 axb4 17. Nc2 Qb6 18. Rab1 Qa6 19. Nxb4 Qxc4 20. Qxc4 Bxc4 21.
a3 Rxa3 22. Nxc6 b5 23. Kg2 d3 24. Ne5 O-O 25. Rbc1 Ra2 26. Nxc4 Rxf2+ 27. Kh3 bxc4 28. Bg4 Rc2 29. Rxc2 dxc2 30. Rc1 Bd4 31. Rxc2 c3 32. Kg2 Re8 33. Kf3 Rb8 34. Ke2 Kf8 35. Kd3 Be5 36. Bf3 Ke7 37. Ke2 Kd6 38. Kd3 Kc5 39. Bg4 Rd8+ 40.
Ke3 Kb4 41. Be2 Kb3 42. Bd3 Bd4+ 43. Ke2 Bf6 44. Rc1 Kb2 45. Rb1+ Ka2 46. Rc1 Kb3 47. Rb1+ Ka3 48. Rc1 Be5 49. Ra1+ Kb2 50. Rb1+ Ka3 51. Rb5 Bf6 52. Ra5+ Kb4 53. Rb5+ Ka3 54. Ra5+ Kb3 55. Rb5+ Ka3 1/2-1/2

[Event "Late-Titled-Tuesday-Blitz-February-13-2024"]
[Site "Chess.com"]
[Date "2024.02.13"]
[Round "8"]
[White "Bigfish1995"]
[Black "VitaliyBernadskiy"]
[Result "1/2-1/2"]
[WhiteElo "3162"]
[BlackElo "2891"]
[TimeControl "180+1"]
[EndTime "15:29:16 PST"]
[Termination "Game drawn - insufficient material"]

1. e4 Nc6 2. Nf3 d5 3. exd5 Qxd5 4. Nc3 Qh5 5. Bb5 Bg4 6. Bxc6+ bxc6 7. O-O O-O-O 8.
Re1 Bxf3 9. Qxf3 Qxf3 10. gxf3 Nf6 11. d3 Nd5 12. Bd2 e6 13. a3 Be7 14. Ne4 h5 15. Kf1 h4 16. Ke2 Rh5 17. Rg1 g6 18. c4 Nb6 19. Bb4 c5 20. Bd2 Rf5 21. b4 Nd7 22. f4 e5 23. Rg4 Rh5 24. Nc3 c6 25. b5 exf4 26. Rxf4 Ne5 27. bxc6 Bg5 28. Re4 Bxd2 29.
Kxd2 Rxd3+ 30. Kc2 Rd4 31. Rae1 Nxc6 32. Re8+ Rd8 33.
Nd5 Rf5 34. f4 g5 35. Rxd8+ Kxd8 36. Rd1 Nd4+ 37. Kd3 gxf4 38. Ke4 f3 39. Nf4 Kc8 40. Nd3 f2 41. Rf1 Kc7 42. Rxf2 Rxf2 43. Nxf2 Kb6 44. Nd3 Nc2 45. a4 Ka5 46. Nxc5 Kb4 47. Nd7 Kxa4 48.
c5 Kb5 49. Kd5 Nb4+ 50. Kd6 a5 51. Ne5 f5 52. Nd3 Nc6 53. Nf4 a4 54. Nd5 Nd4 55.
Nc3+ Kb4 56. Nxa4 Kxa4 57. Ke5 Nf3+ 58. Kxf5 Kb5 59. Kg4 Nxh2+ 60. Kxh4 Kxc5 1/2-1/2

[Event "Late-Titled-Tuesday-Blitz-February-13-2024"]
[Site "Chess.com"]
[Date "2024.02.13"]
[Round "8"]
[White "Polish_fighter3000"]
[Black "Sokoloco"]
[Result "1/2-1/2"]
[WhiteElo "3056"]
[BlackElo "2808"]
[TimeControl "180+1"]
[EndTime "15:29:17 PST"]
[Termination "Game drawn - timeout vs insufficient material"]

1. e4 d6 2. d4 g6 3. Nc3 Bg7 4. Be3 a6 5. Qd2 b5 6. O-O-O Bb7 7. f3 Nd7 8. h4 h6 9. Nh3 e6 10. Kb1 Qxh4 11. Bxb5 axb5 12. Ng5 hxg5 13. Rxh4 gxh4 14.
Nxb5 Kd8 15. Qc3 Rc8 16. Qa5 Rh5 17. d5 Ke7 18. Qa7 Rb8 19. Nxc7 Bxd5 20. exd5 Bxb2 21. Na6 Bd4+ 22. Nxb8 Bxa7 23. Nc6+ Ke8 24. Nxa7 Rxd5 25. Rxd5 exd5 26. Nc8 Ne5 27. Nxd6+ Ke7 28. Bc5 Ke6 29. a4 Nf6 30. Nb5 Nc4 31. Ka2 Nh5 32. Nd4+ Kd7 33. Ne2 g5 34. Kb3 f5 35. Bf2 h3 36. gxh3 Nd2+ 37.
Kb4 Nxf3 38. a5 Kc6 39. a6 Nf6 40. Nc1 Ne4 41. Ba7 g4 42. hxg4 fxg4 43. Nb3 g3 44.
Na5+ Kc7 45. Be3 Kb8 46. Kb5 Ne5 47. Nc6+ Nxc6 48. Kxc6 g2 49. Kxd5 Nc3+ 50. Kc6 Ne2 51. c4 g1=Q 52. Bxg1 Nxg1 53. c5 Ne2 54. Kd5 Nc3+ 55.
Kc4 Ne4 56. c6 Nd6+ 57. Kc5 Nc8 1/2-1/2

[Event "Late-Titled-Tuesday-Blitz-February-13-2024"]
[Site "Chess.com"]
[Date "2024.02.13"]
[Round "8"]
[White "dretch"]
[Black "Hikaru"]
[Result "0-1"]
[WhiteElo "2895"]
[BlackElo "3315"]
[TimeControl "180+1"]
[EndTime "15:29:19 PST"]
[Termination "Hikaru won by resignation"]

1. d4 b6 2. c4 Bb7 3. Nc3 e6 4. a3 Nf6 5. Bg5 Be7 6. Qc2 d5 7. Nf3 O-O 8. e3 Nbd7 9. Rd1 h6 10. Bf4 Rc8 11. cxd5 exd5 12. Nb5 a6 13. Na7 Ra8 14. Nc6 Bxc6 15. Qxc6 Ra7 16. Bd3 Nb8 17. Qc2 Bd6 18. Be5 c5 19. dxc5 bxc5 20. O-O Bxe5 21. Nxe5 Qe7 22.
Qc3 a5 23. Bc2 Rc8 24. Rfe1 Rcc7 25. Nd3 Nbd7 26. Nf4 Nb6 27. Qd3 a4 28. h3 Qe5 29.
Rb1 Nc4 30. Red1 Rd7 31. Qe2 Nb6 32. Qb5 Qc7 33. Nd3 Ne4 34. f3 Nd6 35. Qxc5 Qxc5 36. Nxc5 Rdc7 37. b4 axb3 38. Nxb3 g6 39. Nd4 Nbc4 40.
Rb3 Nxa3 41. Ra1 Nac4 42. Rxa7 Rxa7 43. Kf2 Ra2 44. Ke2 Nf5 45. Kd3 Nfxe3 46. g4 Ng2 47. Kc3 Nf4 48. Rb8+ Kg7 49. Rb7 Ra3+ 50. Kb4 Re3 51. Kc5 Ne5 52. Kd6 Nxf3 53. Nc6 Re6+ 54. Kd7 Ne5+ 55. Nxe5 Rxe5 56. h4 d4 57. Bb3 Re3 58. Kc6 Ne6 59. Bc4 d3 60. Rd7 Re4 61.
Bxd3 Rxg4 62. Bf5 gxf5 63. Kd6 Rd4+ 64. Ke7 Rxd7+ 65. Kxd7 f4 0-1

[Event "Late-Titled-Tuesday-Blitz-February-13-2024"]
[Site "Chess.com"]
[Date "2024.02.13"]
[Round "8"]
[White "ChessSkool"]
[Black "Kosak12"]
[Result "1-0"]
[WhiteElo "2726"]
[BlackElo "2831"]
[TimeControl "180+1"]
[EndTime "15:29:24 PST"]
[Termination "ChessSkool won on time"]

1. d4 g6 2. Nf3 Nf6 3. c3 Bg7 4.
Bg5 O-O 5. Nbd2 d6 6. e4 Nc6 7. h3 h6 8. Be3 e5 9. Bb5 exd4 10. cxd4 Bd7 11. Bd3 Re8 12. O-O Nb4 13. Bb1 Bb5 14. Re1 Nd3 15. Rf1 Ba6 16. Qb3 Nc5 17. dxc5 Bxf1 18. Kxf1 dxc5 19. Bxc5 Nd7 20. Be3 c5 21. Bd3 a6 22. a4 Rb8 23. Bc4 Qe7 24. Bf4 b5 25.
axb5 axb5 26. Bxb5 c4 27. Nxc4 Ra8 28. Rd1 Nc5 29.
Qe3 Red8 30. Bd6 Qxe4 31. Qxc5 Rac8 32. Qe3 Rxc4 33. Bxc4 Qxc4+ 34. Qd3 Qa4 35. b3 Qc6 36. g4 Bf8 37. Qe3 Rxd6 38. Rxd6 Bxd6 39. Kg2 Kg7 40. Qd4+ Kg8 41. Qc4 Qb7 42. h4 Qd7 43. Qe4 Qb5 44.
Qe3 Qd5 45. Qd4 Qe6 46. h5 gxh5 47. gxh5 Kh7 48. b4 Kg8 49. b5 Bc7 50. Qc5 Bb6 51. Qc6 Qg4+ 52. Kf1 Qxh5 53. Qxb6 Qxf3 54. Qd8+ Kg7 55.
Qd4+ Kh7 56. b6 Qh3+ 57. Ke2 Qe6+ 58. Kd3 Qb3+ 59. Ke4 Qc2+ 60. Kd5 h5 61. Qe4+ Qxe4+ 62. Kxe4 1-0